 Dungeon Crawl Stone Soup version 0.23.1-41-g7e51ed3 (webtiles) character file.

Game seed: 11695169304556807483

67 Krees the Gusty (level 3, 0/26 HPs)
             Began as a Demigod Air Elementalist on Mar 29, 2019.
             Killed from afar by Natasha (9 damage)
             ... with a magic dart
             ... on level 2 of the Dungeon.
             The game lasted 00:11:20 (1061 turns).

Krees the Gusty (Demigod Air Elementalist)          Turns: 1061, Time: 00:11:21

Health: 0/26       AC:  4    Str: 11    XL:     3   Next: 70%
Magic:  5/9        EV: 12    Int: 21    God:
Gold:   50         SH:  0    Dex: 16    Spells: 5/6 levels left

rFire    . . .     SeeInvis .   d - +0 dagger
rCold    . . .     Gourm    .   (no shield)
rNeg     . . .     Faith    .   j - +0 leather armour
rPois    .         Spirit   .   (no helmet)
rElec    .         Reflect  .   (no cloak)
rCorr    .         Harm     .   (no gloves)
MR       .....                  l - +0 pair of boots
Stlth    ++........             (no amulet)
HPRegen  0.08/turn              (no ring)
MPRegen  0.11/turn              (no ring)

@: no status effects
A: high mp 1
a: no special abilities


You were on level 2 of the Dungeon.
You were not hungry.

You visited 1 branch of the dungeon, and saw 2 of its levels.

You collected 50 gold pieces.

Inventory:

Hand Weapons
 d - a +0 dagger (weapon)
 i - a +0 club
 k - a +0 club
 p - a +0 short sword
 r - a +0 dagger
 s - a +0 club
 v - a +0 whip
Missiles
 e - 20 poisoned needles (quivered)
 n - 29 stones
Armour
 a - a +0 robe
 f - a +0 robe
 j - a +0 leather armour (worn)
 l - a +0 pair of boots (worn)
 m - a +0 leather armour
 t - a +0 ring mail
 w - a +2 ring mail of fire resistance
Scrolls
 o - 2 scrolls of teleportation
 u - a scroll of remove curse
Potions
 g - 2 potions of heal wounds {unknown}
 h - 2 potions of flight {unknown}
 q - a potion of brilliance {unknown}
Comestibles
 b - a chunk of flesh
 c - a ration


   Skills:
 + Level 0.3 Fighting
 + Level 0.5 Armour
 + Level 2.3 Dodging
 + Level 1.8 Stealth
 + Level 0.4 Unarmed Combat
 + Level 2.3 Spellcasting
 + Level 1.3 Conjurations
 + Level 3.2 Air Magic


You had 5 spell levels left.
You knew the following spells:

 Your Spells              Type           Power        Failure   Level  Hunger
a - Shock                 Conj/Air       ##..         8%          1    #......

Your spell library contained the following spells:

 Spells                   Type           Power        Failure   Level  Hunger
 Swiftness                Chrm/Air       #.......     14%         2    ##.....
 Static Discharge         Conj/Air       ##......     22%         3    ###....
 Airstrike                Air            ###.......   43%         4    #####..
 Lightning Bolt           Conj/Air       ##........   90%         5    ######.


Dungeon Overview and Level Annotations

Branches:
Dungeon (2/15)

Annotations:
D:2 Natasha


Innate Abilities, Weirdness & Mutations

You have an increased reservoir of magic. (+10% MP)


Message History

Things that are here:
a hobgoblin corpse; a dart slug corpse
n - 28 stones (gained 1)
n - 29 stones (gained 1) Natasha, Servant of Life and Death comes into view.
Natasha casts a spell at you. The magic dart hits you!
You see here a glowing ring mail.
w - a glowing ring mail Natasha claws you but does no damage.
Natasha growls.
Natasha casts a spell at you. The magic dart hits you.
Things that are here:
a hobgoblin corpse; a dart slug corpse
Things that are here:
a leopard gecko skeleton; the felid corpse of Natasha Natasha casts a spell at you.
The magic dart hits you!
You die...

( ..#.... =#.##
..###.#...#+#.....
.....#...........
................
#.##..#...#...#
#....)........#
####.((.......#
#######.##..###
#.@.h.†........
#.########.#.## #.#
#....# ..# #.#
#.##.# ## #.#
#.##.# #.# #.##.#
#.# #.##.#
#.###.##.##
#.........#######.#


You could see Natasha.

Vanquished Creatures
  Natasha (D:2)
  A dart slug (D:2)
  4 leopard geckos
  2 giant cockroaches (D:1)
  6 goblins (D:1)
  4 hobgoblins
  6 bats
  3 frilled lizards (D:1)
  4 kobolds
  4 rats (D:1)
35 creatures vanquished.

Notes
Turn   | Place    | Note
-------+----------+-------------------------------------------
     0 | D:1      | Krees the Demigod Air Elementalist began the quest for the
                  | Orb.
     0 | D:1      | Reached XP level 1. HP: 14/14 MP: 5/5
   146 | D:1      | Reached skill level 3 in Air Magic
   257 | D:1      | Reached XP level 2. HP: 16/20 MP: 5/7
   704 | D:1      | Reached skill level 1 in Conjurations
   963 | D:2      | Noticed Natasha
   971 | D:2      | Killed Natasha
   971 | D:2      | Reached XP level 3. HP: 12/26 MP: 3/9
  1047 | D:2      | Noticed Natasha
  1061 | D:2      | Killed from afar by Natasha

Skill      XL: |  1  2 |
---------------+-------+-----
Dodging        | 2 |  2.3
Air Magic      | 3 |  3.2
Spellcasting   | 2 |  2.3
Conjurations   | 1 |  1.3
Fighting       | |  0.3
Armour         | |  0.5
Stealth        | |  1.8
Unarmed Combat | |  0.4

Action                   || total
-------------------------++-------
Melee: Unarmed           ||    19
       Dagger            ||    20
 Cast: Shock             ||    59
  Use: Scroll            ||     2
  Eat: Ration            ||     1
Armor: Robe              ||     5
       Leather armour    ||    16
Dodge: Dodged            ||    54
